3001 views
Uploaded 2020-02-21 17:56:18
Game version 1.32 / 1.32.1
12:02 long 2on2 ladder game on (4)PhantomGrove_LV
Saved by iggythefisk
3001 views
Uploaded 2020-02-21 17:56:18
Game version 1.32 / 1.32.1
12:02 long 2on2 ladder game on (4)PhantomGrove_LV


41 units @ 5.7k
/ 0.2k
22 buildings @ 3.8k
/ 1.3k

| Peon | 9 | 675 | / | 0 |
| Grunt | 10 | 2000 | / | 0 |
| Troll Headhunter | 4 | 560 | / | 80 |
| total: | 23 | 3235g | / | 80w |
| Watch Tower | 1 | 110 | / | 80 |
| Altar of Storms | 1 | 180 | / | 50 |
| Orc Burrow | 4 | 640 | / | 160 |
| Barracks | 2 | 360 | / | 100 |
| War Mill | 1 | 205 | / | 0 |
| Great Hall | 1 | 385 | / | 185 |
| Tauren Totem | 1 | 135 | / | 155 |
| Stronghold | 1 | 315 | / | 190 |
| total: | 11 | 2015g | / | 730w |
| 0:06 | Altar of Storms |
| 0:10 | Orc Burrow |
| 0:14 | Barracks |
| 0:25 | Peon |
| 0:50 | Peon |
| 1:16 | Grunt |
| 1:22 | Peon |
| 1:41 | Grunt |
| 1:55 | Orc Burrow |
| 1:57 | Grunt |
| 2:04 | Peon |
| 2:12 | Endurance Aura |
| 2:30 | Orc Burrow |
| 2:47 | Grunt |
| 2:49 | Peon |
| 3:12 | Grunt |
| 3:30 | War Mill |
| 3:48 | Barracks |
| 4:11 | Grunt |
| 4:38 | Grunt |
| 4:49 | Steel Melee Weapons |
| 4:53 | Troll Headhunter |
| 5:07 | Orc Burrow |
| 6:01 | Shockwave |
| 6:30 | Troll Headhunter |
| 6:31 | Troll Headhunter |
| 6:52 | Endurance Aura |
| 7:11 | Watch Tower |
| 7:17 | Grunt |
| 7:43 | Stronghold |
| 7:50 | Steel Ranged Weapons |
| 8:04 | Steel Armor |
| 8:44 | Great Hall |
| 8:58 | Grunt |
| 9:40 | Grunt |
| 10:10 | Tauren Totem |
| 10:13 | Peon |
| 10:14 | Peon |
| 10:20 | Peon |
| 10:20 | Peon |
| 11:09 | Troll Headhunter |
| Right click | 142 |
| Select | 106 |
| Select group | 36 |
| Build/train/purchase | 32 |
| Misc. action | 22 |
| Assign group | 11 |
| Use ability | 7 |
| Remove unit | 2 |
| Esc | 1 |


| Rod of Necromancy | 1 | 150 |
| Scroll of Town Portal | 1 | 350 |
| total: | 2 | 500g |
| Acolyte | 2 | 150 | / | 0 |
| Ghoul | 12 | 1440 | / | 0 |
| Crypt Fiend | 4 | 860 | / | 160 |
| total: | 18 | 2450g | / | 160w |
| Altar of Darkness | 2 | 360 | / | 100 |
| Crypt | 2 | 400 | / | 100 |
| Ziggurat | 4 | 600 | / | 200 |
| Tomb of Relics | 1 | 130 | / | 30 |
| Graveyard | 1 | 215 | / | 0 |
| Sacrificial Pit | 1 | 75 | / | 150 |
| Halls of the Dead | 1 | 320 | / | 210 |
| Black Citadel | 1 | 325 | / | 230 |
| total: | 11 | 1780g | / | 580w |
| 0:06 | Acolyte |
| 0:06 | Acolyte |
| 0:11 | Altar of Darkness |
| 0:13 | Crypt |
| 0:17 | Crypt |
| 0:41 | Ziggurat |
| 0:59 | Altar of Darkness |
| 1:20 | Ghoul |
| 1:22 | Ghoul |
| 1:33 | Ghoul |
| 1:38 | Ziggurat |
| 1:50 | Ghoul |
| 2:02 | Ghoul |
| 2:23 | Tomb of Relics |
| 2:32 | Ghoul |
| 2:43 | Ghoul |
| 2:55 | Ghoul |
| 3:08 | Vampiric Aura |
| 3:24 | Ghoul |
| 3:53 | Halls of the Dead |
| 4:05 | Rod of Necromancy |
| 4:29 | Ziggurat |
| 4:47 | Graveyard |
| 6:03 | Carrion Swarm |
| 6:20 | Ghoul |
| 6:20 | Ghoul |
| 6:52 | Carrion Swarm |
| 7:17 | Death Coil |
| 7:29 | Crypt Fiend |
| 7:46 | Ghoul |
| 8:31 | Black Citadel |
| 9:54 | Sacrificial Pit |
| 10:21 | Crypt Fiend |
| 10:28 | Ziggurat |
| 10:48 | Scroll of Town Portal |
| 11:57 | Crypt Fiend |
| 11:58 | Crypt Fiend |
| Right click | 233 |
| Select | 178 |
| Select group | 96 |
| Build/train/purchase | 36 |
| Misc. action | 31 |
| Assign group | 16 |
| Use ability | 15 |
| Remove unit | 1 |
78 units @ 9.7k
/ 0.7k
30 buildings @ 3.8k
/ 1.5k


| Scroll of Regeneration | 2 | 200 |
| Scroll of Protection | 1 | 150 |
| Circlet of Nobility | 1 | 175 |
| total: | 4 | 525g |
| Peasant | 13 | 975 | / | 0 |
| Footman | 11 | 1485 | / | 0 |
| Sorceress | 10 | 1550 | / | 200 |
| Priest | 5 | 675 | / | 50 |
| total: | 39 | 4685g | / | 250w |
| Altar of Kings | 1 | 180 | / | 50 |
| Barracks | 1 | 160 | / | 60 |
| Farm | 8 | 640 | / | 160 |
| Arcane Vault | 1 | 130 | / | 30 |
| Arcane Sanctum | 2 | 300 | / | 280 |
| Keep | 1 | 320 | / | 210 |
| total: | 13 | 1410g | / | 580w |
| 0:02 | Peasant |
| 0:05 | Altar of Kings |
| 0:07 | Peasant |
| 0:18 | Barracks |
| 0:20 | Peasant |
| 0:28 | Farm |
| 0:36 | Peasant |
| 0:43 | Farm |
| 0:53 | Peasant |
| 1:02 | Peasant |
| 1:19 | Footman |
| 1:20 | Peasant |
| 1:40 | Peasant |
| 1:44 | Footman |
| 1:55 | Footman |
| 2:05 | Blizzard |
| 2:31 | Peasant |
| 2:41 | Brilliance Aura |
| 2:47 | Arcane Vault |
| 2:47 | Keep |
| 3:06 | Farm |
| 3:23 | Farm |
| 3:49 | Footman |
| 4:00 | Defend |
| 4:15 | Footman |
| 4:37 | Scroll of Regeneration |
| 4:40 | Scroll of Regeneration |
| 5:32 | Footman |
| 5:35 | Arcane Sanctum |
| 5:37 | Arcane Sanctum |
| 5:38 | Peasant |
| 5:38 | Peasant |
| 5:59 | Blizzard |
| 6:02 | Footman |
| 6:07 | Farm |
| 6:37 | Storm Bolt |
| 6:44 | Brilliance Aura |
| 6:46 | Sorceress |
| 6:46 | Sorceress |
| 6:49 | Sorceress |
| 7:15 | Peasant |
| 7:15 | Peasant |
| 7:21 | Sorceress |
| 7:23 | Priest |
| 7:51 | Sorceress Adept Training |
| 7:51 | Priest Adept Training |
| 7:53 | Footman |
| 8:14 | Sorceress |
| 8:19 | Priest |
| 8:39 | Farm |
| 8:54 | Priest |
| 9:01 | Sorceress |
| 9:11 | Scroll of Protection |
| 9:12 | Circlet of Nobility |
| 9:24 | Sorceress |
| 9:24 | Priest |
| 9:26 | Farm |
| 9:55 | Bash |
| 10:01 | Sorceress |
| 10:02 | Priest |
| 10:07 | Footman |
| 10:10 | Farm |
| 11:15 | Blizzard |
| 11:20 | Footman |
| 11:21 | Sorceress |
| 11:50 | Footman |
| 11:51 | Sorceress |
| Right click | 407 |
| Assign group | 397 |
| Select | 252 |
| Select group | 226 |
| Build/train/purchase | 67 |
| Misc. action | 59 |
| Use ability | 23 |
| Resource trade | 4 |
| Item give/drop | 2 |
| Minimap ping | 2 |
| Remove unit | 1 |

| Scroll of Regeneration | 2 | 200 |
| Scroll of Healing | 1 | 250 |
| total: | 3 | 450g |
| Peasant | 20 | 1500 | / | 0 |
| Footman | 5 | 675 | / | 0 |
| Rifleman | 14 | 2870 | / | 420 |
| total: | 39 | 5045g | / | 420w |
| Altar of Kings | 1 | 180 | / | 50 |
| Barracks | 2 | 320 | / | 120 |
| Farm | 9 | 720 | / | 180 |
| Town Hall | 2 | 770 | / | 410 |
| Blacksmith | 1 | 140 | / | 60 |
| Arcane Vault | 2 | 260 | / | 60 |
| Keep | 1 | 320 | / | 210 |
| total: | 17 | 2390g | / | 880w |
| 0:00 | Peasant |
| 0:05 | Altar of Kings |
| 0:06 | Peasant |
| 0:16 | Barracks |
| 0:18 | Peasant |
| 0:31 | Farm |
| 0:33 | Peasant |
| 0:39 | Peasant |
| 0:44 | Farm |
| 0:53 | Peasant |
| 1:14 | Peasant |
| 1:19 | Footman |
| 1:26 | Peasant |
| 1:36 | Farm |
| 1:45 | Footman |
| 1:55 | Peasant |
| 2:06 | Footman |
| 2:10 | Summon Water Elemental |
| 2:15 | Farm |
| 2:22 | Footman |
| 2:47 | Footman |
| 3:21 | Town Hall |
| 3:26 | Town Hall |
| 3:37 | Blacksmith |
| 3:46 | Arcane Vault |
| 4:03 | Brilliance Aura |
| 4:42 | Barracks |
| 4:54 | Scroll of Regeneration |
| 4:55 | Scroll of Regeneration |
| 5:01 | Rifleman |
| 5:47 | Rifleman |
| 5:47 | Rifleman |
| 6:16 | Peasant |
| 6:16 | Peasant |
| 6:17 | Rifleman |
| 6:21 | Peasant |
| 6:34 | Rifleman |
| 6:35 | Rifleman |
| 6:55 | Defend |
| 7:09 | Peasant |
| 7:09 | Peasant |
| 7:15 | Arcane Vault |
| 7:16 | Peasant |
| 7:19 | Peasant |
| 7:19 | Peasant |
| 7:22 | Rifleman |
| 7:22 | Rifleman |
| 7:35 | Farm |
| 7:46 | Farm |
| 7:50 | Farm |
| 7:53 | Peasant |
| 8:05 | Summon Water Elemental |
| 8:23 | Rifleman |
| 8:26 | Farm |
| 8:27 | Farm |
| 8:30 | Rifleman |
| 8:34 | Peasant |
| 8:36 | Black Gunpowder |
| 8:54 | Peasant |
| 9:04 | Scroll of Healing |
| 9:47 | Keep |
| 9:48 | Rifleman |
| 9:49 | Rifleman |
| 10:13 | Rifleman |
| 11:13 | Brilliance Aura |
| 11:32 | Rifleman |
| Right click | 774 |
| Select | 471 |
| Select group | 254 |
| Assign group | 129 |
| Build/train/purchase | 92 |
| Misc. action | 12 |
| Resource trade | 10 |
| Use ability | 3 |
| Remove unit | 3 |
| Minimap ping | 1 |
โ